Map: 16-Bit LE

Players

Bly - Winner!

  • Race: Zerg Zerg
  • Spawn Location: 1:00

TIME (Oliveira)

  • Race: Terran Terran
  • Spawn Location: 7:00

Event: WCS Austin 2018

VOD

Have the link to the VOD?

Description

Time

  • Played on: June 1, 2018, 10:02 p.m.
  • Length: 3:56

All games in this series

Show
View Real Time Build Order
Export as new Build Order

Bly Zerg - Winner!

Build Orders: Hatch First 

Get SALT Encoding   

  12  0:03  Drone  
  13  0:08  Drone  
  14  0:38  Hatchery  
  13  0:52  Spawning Pool  
  13  0:56  Drone  
  13  1:00  Drone  
  14  1:07  Drone, Extractor  
  14  1:17  Extractor  
  14  1:18  Drone  
  14  1:25  Overlord  
  14  1:39  Roach Warren  
  13  1:41  Drone  
  14  1:47  Drone  
  15  1:54  Drone  
  17  2:18  Roach  
  17  2:19  Roach  
  17  2:20  Roach  
  22  2:30  Roach  
  24  2:37  Overlord  
  24  2:46  Roach  
  26  2:59  Ravager x3  
  26  3:00  Ravager  
  26  3:04  Drone  
  31  3:18  Roach x2  
  35  3:31  Overlord  
Show
View Real Time Build Order
Export as new Build Order

TIME Terran 

Build Orders: Reaper Expand 

Get SALT Encoding   

  12  0:01  SCV  
  13  0:13  SCV  
  14  0:18  Supply Depot  
  14  0:25  SCV  
  15  0:40  Barracks, SCV  
  16  0:45  Refinery  
  16  0:52  SCV  
  17  1:04  SCV  
  18  1:16  SCV  
  19  1:28  Orbital Command, Reaper  
  20  1:43  Command Center  
  20  1:54  SCV  
  20  1:57  Supply Depot  
  20  2:00  Marine  
  22  2:06  SCV  
  23  2:12  Factory  
  23  2:20  Bunker, SCV  
  24  2:26  Marine  
  24  2:29  Refinery  
  25  2:33  SCV  
  26  2:44  Marine  
  26  2:45  SCV  
  31  3:00  SCV  
  31  3:02  Marine  
  31  3:03  Orbital Command  
  33  3:09  Factory Tech Lab  
  33  3:11  Starport  
  30  3:13  SCV  
  30  3:20  Supply Depot  
  30  3:26  SCV  
  24  3:28  Marine  
Tags
 
Add a new tag
Caveats
  • Supply blocks, unpowered buildings, or Contaminate may cause inaccurate times.
  • Supply counts are checked every 10 seconds.